 Dungeon Crawl Stone Soup version 0.24.0-13-gcf9b319 (webtiles) character file.

Game seed: 18428116530517184588, levelgen mode: deterministic

105294 Daunt the Fighter (level 15, -1/120 HPs)
             Began as a Demonspawn Fighter on Nov 7, 2019.
             Was a Follower of Uskayaw.
             Killed from afar by a thorn hunter (17 damage)
             ... with a volley of thorns
             ... on level 3 of the Swamp on Nov 11, 2019.
             The game lasted 03:42:32 (45598 turns).

Daunt the Fighter (Demonspawn Fighter)             Turns: 45598, Time: 03:42:32

Health: -1/120     AC: 26    Str: 20    XL:     15   Next: 94%
Magic:  0/23       EV: 15    Int: 15    God:    Uskayaw [*.....]
Gold:   2233       SH: 13    Dex: 19    Spells: 14/14 levels left

rFire    + . .     SeeInvis +   a - +1 rapier (protect)
rCold    . . .     Gourm    .   P - +0 shield {reflect}
rNeg     + . .     Faith    .   Z - +6 chain mail of Birdsong {rPois Str-3 Int+5}
rPois    +         Spirit   +   (helmet unavailable)
rElec    .         Reflect  +   L - +0 cloak
rCorr    .         Harm     .   B - +0 pair of gloves
MR       +....                  m - +2 pair of boots of Prudence {Str+4 Slay+2}
Stlth    +.........             p - amulet of rage
HPRegen  0.30/turn              e - +3 ring of evasion
MPRegen  0.36/turn              i - +3 ring of dexterity

@: hasted, slow
A: antennae 3, thin metallic scales 2, fire resistance 1, negative energy
resistance 1, magic shield, magic regeneration, flame cloud immunity
a: Stomp, Renounce Religion, Evoke Berserk Rage


You were on level 3 of the Swamp.
You worshipped Uskayaw.
Uskayaw was aware of your devotion.
You were very hungry.

You visited 5 branches of the dungeon, and saw 27 of its levels.
You visited the Abyss 1 time.
You also visited: Ossuary.

You collected 3287 gold pieces.
You spent 1054 gold pieces at shops.

Inventory:

Hand Weapons
 a - a +1 rapier of protection (weapon)
Missiles
 x - 7 atropa-tipped darts
 A - 3 throwing nets
 Y - 30 poisoned darts (quivered)
Armour
 m - the +2 pair of boots of Prudence (worn) {Str+4 Slay+2}
   (You bought it in a shop on level 2 of the Orcish Mines)

   It affects your strength (+4).
   It affects your accuracy and damage with ranged weapons and melee attacks
   (+2).
 B - a +0 pair of gloves (worn)
 L - a +0 cloak (worn)
 P - a +0 shield of reflection (worn)
 Z - the +6 chain mail of Birdsong (worn) {rPois Str-3 Int+5}
   (You found it on level 2 of the Swamp)

   It affects your strength (-3).
   It affects your intelligence (+5).
   It protects you from poison.
Jewellery
 e - a +3 ring of evasion (left hand)
 i - a +3 ring of dexterity (right hand)
 p - an amulet of rage (around neck)
Wands
 h - a wand of paralysis (13)
 o - a wand of scattershot (4)
 D - a wand of acid (2)
 E - a wand of digging (4)
 H - a wand of disintegration (37)
 I - a wand of iceblast (48)
 K - a wand of clouds (11)
Scrolls
 k - 6 scrolls of remove curse
 q - 4 scrolls of fear
 r - 3 scrolls of magic mapping
 u - 3 scrolls of enchant weapon {unknown}
 v - a scroll of holy word {unknown}
 w - 2 scrolls of teleportation
 y - 7 scrolls of amnesia {unknown}
 C - a scroll of acquirement {unknown}
 F - a scroll of torment {unknown}
 M - a scroll of silence {unknown}
 Q - 3 scrolls of enchant armour {unknown}
 R - 2 scrolls of blinking {unknown}
 S - 4 scrolls of fog {unknown}
 U - 2 scrolls of noise {unknown}
 W - 2 scrolls of summoning {unknown}
 X - a scroll of random uselessness {unknown}
Potions
 b - 2 potions of curing
 d - 5 potions of might
 g - 3 potions of berserk rage
 n - 2 potions of heal wounds
 s - a potion of ambrosia
 G - 3 potions of cancellation
 J - 3 potions of resistance
 N - 2 potions of flight
 O - a potion of invisibility
 T - 4 potions of haste
 V - 4 potions of agility
Miscellaneous
 c - a sack of spiders
 l - a lightning rod (4/4)
 z - a box of beasts
Comestibles
 f - 29 rations


   Skills:
 - Level 12.0 Fighting
 * Level 11.5 Short Blades
 - Level 1.1 Throwing
 + Level 8.3 Armour
 + Level 7.9 Dodging
 - Level 11.0 Stealth
 + Level 11.9 Shields
 + Level 11.8 Invocations
 + Level 8.0 Evocations


You had 14 spell levels left.
You didn't know any spells.
Your spell library contained the following spells:

 Spells                   Type           Power        Failure   Level  Hunger
 Animate Skeleton         Necr           N/A          97%         1    ##.....
 Confusing Touch          Hex            #.....       97%         1    ##.....
 Magic Dart               Conj           #...         97%         1    ##.....
 Pain                     Necr           #...         97%         1    ##.....
 Sandblast                Erth           #.....       97%         1    ##.....
 Sting                    Conj/Pois      #...         97%         1    ##.....
 Blink                    Tloc           N/A          99%         2    ###....
 Call Imp                 Summ           #.......     99%         2    ###....
 Passwall                 Tmut/Erth      #.......     99%         2    ###....
 Poisonous Vapours        Pois/Air       #.....       99%         2    ###....
 Slow                     Hex            #.......     99%         2    ###....
 Confuse                  Hex            #.......     100%        3    ####...
 Conjure Flame            Conj/Fire      #.......     100%        3    ####...
 Gell's Gravitas          Tloc           #.........   100%        3    ####...
 Mephitic Cloud           Conj/Pois/Air  #.......     100%        3    ####...
 Regeneration             Chrm/Necr      #.........   100%        3    ####...
 Stone Arrow              Conj/Erth      #.....       100%        3    ####...
 Vampiric Draining        Necr           #.........   100%        3    ####...
 Animate Dead             Necr           N/A          100%        4    #####..
 Olgreb's Toxic Radiance  Pois           #.......     100%        4    #####..
 Petrify                  Tmut/Erth      #.......     100%        4    #####..
 Summon Lightning Spire   Summ/Air       #.......     100%        4    #####..
 Bolt of Magma            Conj/Fire/Erth #.........   100%        5    ######.
 Iskenderun's Battlesphe  Conj/Chrm      #.......     100%        5    ######.
 Lee's Rapid Deconstruct  Erth           #.........   100%        5    ######.
 Metabolic Englaciation   Hex/Ice        #.........   100%        5    ######.
 Silence                  Hex/Air        #.........   100%        5    ######.
 Venom Bolt               Conj/Pois      #.........   100%        5    ######.
 Yara's Violent Unravell  Hex/Tmut       #.........   100%        5    ######.
 Conjure Ball Lightning   Conj/Air       #.........   100%        6    #######
 Deflect Missiles         Chrm/Air       #.........   100%        6    #######
 Freezing Cloud           Conj/Ice/Air   #.........   100%        6    #######
 Iron Shot                Conj/Erth      #.........   100%        6    #######
 Orb of Destruction       Conj           #.........   100%        7    #######
 Ring of Flames           Chrm/Fire      #.........   100%        7    #######
 Spellforged Servitor     Conj/Summ      #.........   100%        7    #######
 Tornado                  Air            #.........   100%        9    #######


Dungeon Overview and Level Annotations

Branches:
Dungeon (15/15)            Temple (1/1) D:5            Lair (6/6) D:10
  Swamp (3/4) Lair:2        Snake (0/4) Lair:2        Slime (0/5) Lair:5
    Orc (2/2) D:9             Elf (0/3) Orc:2        Vaults (0/5) D:14
 Depths (0/5) D:15        Ossuary (visited)

Altars:
Ashenzari
Cheibriados
Dithmenos
Elyvilon
Fedhas
Gozag
Hepliaklqana
Kikubaaqudgha
Makhleb
Nemelex Xobeh
Okawaru
Qazlal
Ru
Sif Muna
Trog
Uskayaw
Vehumet
Wu Jian
Xom
Yredelemnul
Zin
The Shining One
Beogh
Jiyva

Shops:
Orc:2 !*[}

Annotations:
D:4 Menkaure
D:8 return
Lair:1 exclusion: 2 electric eels
Lair:3 exclusions: electric eel and 1 more exclusion
Lair:4 exclusion: oklob plant
Swamp:3 exclusion: thorn hunter, Bai Suzhen


Innate Abilities, Weirdness & Mutations

You have a pair of large antennae on your head. (SInv)
You are mostly covered in thin metallic scales. (AC +3)
Your flesh is heat resistant. (rF+)
You resist negative energy. (rN+)
When hurt, damage is shared between your health and your magic reserves.
You regenerate magic rapidly.
You are immune to clouds of flame.


Message History

Thorny briars emerge from the ground!
You block the swamp drake's attack. The alligator misses you.
The alligator tail-slaps you!
The thorn hunter fires a volley of thorns at you.
The volley of thorns hits you!!
* * * LOW HITPOINT WARNING * * *
Okay, then.
You feel yourself speed up. The alligator bites you!
* * * LOW HITPOINT WARNING * * *
The alligator misses you. You block the swamp drake's attack.
Unknown command.
You enter the shallow water.
Moving in this stuff is going to be slow.
The alligator bites you.
* * * LOW HITPOINT WARNING * * *
The alligator tail-slaps you but does no damage.
The thorn hunter gestures.
The thorn hunter fires a volley of thorns at you.
The volley of thorns hits you!!
You die... ♣♣..≈≈≈≈.≈♣ ♣≈..≈≈≈≈≈.♣ ♣♣♣≈......<.♣ ♣......^.†♣♣♣♣♣♣♣ ♣≈...≈≈≈♣§♣♣P♣♣P♣♣♣♣ ♣♣≈♣♣♣♣♣≈♣..PPPPPPP♣♣♣♣ ♣≈..§≈≈..≈≈≈...♣♣♣ ♣♣≈≈≈≈PPPPPPPPPPP♣ ♣♣≈≈@PPPPPPPPPPP♣♣

♣≈≈≈tk§♣≈♣≈≈≈PP≈♣
♣♣.≈§≈....♣..≈PP♣♣
♣♣♣♣≈≈≈≈.≈≈...♣...♣♣
≈>≈♣§≈≈f≈.....♣♣♣.≈♣♣ ≈
≈§.≈.≈≈≈≈≈....≈≈.P..♣
≈≈ ≈≈..d≈≈.≈≈≈≈......♣♣
≈≈≈≈≈...≈≈≈≈≈≈≈.≈..≈≈.♣
≈≈≈..≈♣≈≈≈§≈≈≈.....≈≈(♣


You could see Bai Suzhen, a thorn hunter, an alligator and a swamp drake.

Vanquished Creatures
  Frances (Swamp:1)
  Donald (Orc:1)
  2 stone giants
  A fire dragon (D:10)
  Harold (D:7)
  An ice dragon (Lair:6)
  7 hydras
  2 shambling mangroves
  7 two-headed ogres
  6 alligators
  2 ogre magi
  2 tengu warriors
  5 orc high priests
  A wretched star (Abyss:3)
  3 unseen horrors
  The ghost of Ixtylaz the Covert, a novice FeSu (Lair:3)
  2 wizards (D:15)
  A spriggan druid (Swamp:1)
  A swamp dragon (Swamp:2)
  A deep elf archer (D:14)
  A wolf spider zombie (D:15)
  An orc knight (D:14)
  A lindwurm (Lair:6)
  3 orc sorcerers
  6 deep elf magi
  8 ugly things
  3 manticores
  3 black mambas
  2 cyclopes (D:14)
  2 naga magi (D:15)
  10 elephants
  15 spiny frogs
  A gargoyle (D:13)
  6 torpor snails
  A rime drake (Lair:5)
  6 komodo dragons
  A redback zombie (D:13)
  An efreet (D:13)
  A tengu conjurer (D:15)
  6 trolls
  6 tyrant leeches
  3 meliai (D:14)
  A polar bear (shapeshifter) (D:15)
  A wolf spider simulacrum (D:15)
  5 bog bodies
  A harpy skeleton (D:15)
  15 hornets
  12 blink frogs
  8 hippogriffs
  26 slime creatures
  A small abomination (Abyss:3)
  2 spriggans (Swamp:1)
  2 wyverns (Lair:5)
  39 yaks
  A human (D:7)
  3 basilisks
  3 hogs (D:7)
  A large abomination (Abyss:3)
  Grum (D:11)
  4 hungry ghosts
  2 steam dragons
  7 vampire mosquitoes
  2 wargs
  10 swamp worms
  A soldier ant (D:12)
  3 nagas
  11 insubstantial wisps
  An acid dragon (Lair:6)
  13 water moccasins
  2 ice beasts
  5 porcupines
  A swamp drake (Swamp:3)
  8 sky beasts
  27 orc warriors
  An eye of draining (Abyss:3)
  4 phantoms
  A necrophage (D:9)
  28 wolves
  14 centaurs
  13 ogres
  6 boggarts
  6 big kobolds
  9 crocodiles
  9 bullfrogs
  An earth elemental (Abyss:3)
  8 scorpions
  22 killer bees
  21 wights
  A howler monkey (D:6)
  An electric eel (Lair:5)
  8 crimson imps
  2 lava snakes
  7 centaur zombies
  3 quasits
  3 bullfrog skeletons
  5 hounds
  A jelly (D:15)
  Crazy Yiuf (D:4)
  A human zombie (Ossuary)
  29 orc priests
  8 centaur skeletons
  Ijyb (D:4)
  4 iguanas
  41 orc wizards
  9 worker ants
  A killer bee zombie (D:8)
  2 big kobold zombies (Ossuary)
  A hound zombie (D:6)
  3 mummies (Ossuary)
  A worker ant zombie (D:9)
  3 gnolls (D:5)
  A howler monkey skeleton (D:10)
  9 adders
  3 scorpion zombies (Ossuary)
  3 shadow imps
  4 oozes
  An adder skeleton (D:6)
  4 worms (D:3)
  4 dart slugs
  7 leopard geckos
  72 orcs
  7 bats
  6 giant cockroaches
  8 goblins
  7 hobgoblins
  12 jackals
  4 quokkas
  A ball python (D:2)
  5 frilled lizards
  A giant cockroach zombie (D:6)
  5 gnoll zombies (Ossuary)
  A goblin zombie (Ossuary)
  3 hobgoblin zombies (Ossuary)
  2 jackal skeletons
  12 kobolds
  A kobold zombie (Ossuary)
  2 leopard gecko skeletons
  2 orc zombies (Ossuary)
  8 rats
  A fungus (D:4)
  2 plants (Lair:6)
831 creatures vanquished.

Vanquished Creatures (others)
  A komodo dragon (Lair:6)
  A bog body (Swamp:3)
  A yak (Lair:6)
  A swamp drake (Lair:6)
  A crocodile (Lair:6)
  An orc wizard (D:13)
  An orc (D:10)
  29 fungi
  20 plants
56 creatures vanquished.

Grand Total: 887 creatures vanquished

Notes
Turn   | Place    | Note
-------+----------+-------------------------------------------
     0 | D:1      | Daunt the Demonspawn Fighter began the quest for the Orb.
     0 | D:1      | Reached XP level 1. HP: 18/18 MP: 1/1
    98 | D:1      | Gained mutation: You have a pair of small antennae on your
                  | head. [demonic ancestry]
    98 | D:1      | Reached XP level 2. HP: 19/25 MP: 2/2
   333 | D:1      | Gained mutation: You have a pair of antennae on your head.
                  | [demonic ancestry]
   333 | D:1      | Reached XP level 3. HP: 30/30 MP: 3/3
   651 | D:1      | Reached skill level 4 in Fighting
  1056 | D:2      | Reached XP level 4. HP: 22/37 MP: 4/4
  2105 | D:3      | Noticed a moth of wrath
  2130 | D:3      | Found a bloodstained altar of Trog.
  2177 | D:3      | Reached XP level 5. HP: 39/43 MP: 5/5
  2925 | D:4      | Noticed Ijyb
  2929 | D:4      | Killed Ijyb
  2929 | D:4      | Reached XP level 6. HP: 35/50 MP: 6/6
  2949 | D:4      | Noticed Menkaure
  3359 | D:4      | Reached skill level 1 in Stealth
  3371 | D:4      | Reached skill level 1 in Dodging
  3775 | D:4      | Reached skill level 5 in Fighting
  4012 | D:4      | Found a runed translucent door.
  4013 | D:4      | Noticed Crazy Yiuf
  4025 | D:4      | Killed Crazy Yiuf
  4066 | D:5      | Entered Level 5 of the Dungeon
  4066 | D:5      | Found a staircase to the Ecumenical Temple.
  4066 | D:5      | Noticed a sky beast
  4259 | D:5      | Upgraded the game from 0.24.0-1-gfbc8707 to
                  | 0.24.0-13-gcf9b319
  4270 | D:5      | Gained mutation: Your flesh is heat resistant. (rF+)
                  | [demonic ancestry]
  4270 | D:5      | Reached XP level 7. HP: 51/56 MP: 7/7
  4348 | D:5      | Reached skill level 5 in Short Blades
  4494 | Temple   | Entered the Ecumenical Temple
  4520 | Temple   | Became a worshipper of Uskayaw the Reveler
  4824 | D:5      | Reached * piety under Uskayaw
  4828 | D:5      | Reached ** piety under Uskayaw
  4961 | D:5      | Reached skill level 1 in Invocations
  5244 | D:5      | Reached *** piety under Uskayaw
  5249 | D:5      | Reached **** piety under Uskayaw
  5741 | D:6      | Gained mutation: You are partially covered in thin metallic
                  | scales. (AC +2) [demonic ancestry]
  5741 | D:6      | Reached XP level 8. HP: 60/64 MP: 9/9
  5866 | D:6      | Found a sand-covered staircase.
  5990 | Ossuary  | Entered an ossuary
  6243 | Ossuary  | Reached skill level 6 in Fighting
  7384 | D:6      | Gained mutation: You are mostly covered in thin metallic
                  | scales. (AC +3) [demonic ancestry]
  7384 | D:6      | Reached XP level 9. HP: 41/71 MP: 10/12
  7384 | D:6      | Reached ***** piety under Uskayaw
  7938 | D:7      | Noticed Harold
  7947 | D:7      | Killed Harold
  7947 | D:7      | Reached skill level 5 in Shields
  7947 | D:7      | Reached skill level 5 in Invocations
  7959 | D:7      | Reached skill level 7 in Fighting
  7959 | D:7      | Reached skill level 5 in Stealth
  8377 | D:7      | Reached XP level 10. HP: 74/79 MP: 14/14
  8786 | D:8      | Found a glowing silver altar of Zin.
  9405 | D:8      | Found a roughly hewn altar of Beogh.
  9512 | D:8      | Found a radiant altar of Vehumet.
  9666 | D:8      | Noticed a manticore
  9752 | D:8      | Killed a manticore
 10968 | D:9      | Paralysed by a hornet for 1 turns
 10971 | D:9      | Paralysed by a hornet for 3 turns
 10984 | D:9      | Paralysed by a hornet for 3 turns
 11658 | D:9      | Found a staircase to the Orcish Mines.
 11854 | D:9      | Found a roughly hewn altar of Beogh.
 12124 | D:9      | Noticed a two-headed ogre
 12535 | D:9      | Reached skill level 8 in Fighting
 13106 | D:9      | Paralysed by a hornet for 1 turns
 13395 | D:10     | Entered Level 10 of the Dungeon
 14109 | D:10     | Gained mutation: You have a pair of large antennae on your
                  | head. (SInv) [demonic ancestry]
 14109 | D:10     | Reached XP level 11. HP: 59/86 MP: 16/16
 14748 | D:10     | Noticed a fire dragon
 14814 | Orc:1    | Entered Level 1 of the Orcish Mines
 16018 | Orc:1    | Noticed an orc sorcerer
 16423 | D:10     | Found a staircase to the Lair.
 16446 | D:10     | Killed a fire dragon
 16446 | D:10     | Reached skill level 10 in Short Blades
 17456 | D:11     | Noticed Grum
 17525 | D:11     | Killed Grum
 17565 | D:11     | Noticed a white ugly thing
 17666 | Lair:1   | Entered Level 1 of the Lair of Beasts
 17865 | Lair:1   | Reached skill level 1 in Evocations
 19462 | Lair:2   | Found a staircase to the Snake Pit.
 19952 | Lair:2   | Reached skill level 9 in Fighting
 19953 | Lair:2   | Found a staircase to the Swamp.
 20355 | Lair:2   | Gained mutation: When hurt, damage is shared between your
                  | health and your magic reserves. [demonic ancestry]
 20355 | Lair:2   | Reached XP level 12. HP: 45/95 MP: 18/18
 21184 | Lair:3   | Found a runed translucent gate.
 21185 | Lair:3   | Found a runed translucent gate.
 21186 | Lair:3   | Found a runed translucent gate.
 21206 | Lair:3   | Noticed Ixtylaz's ghost (novice FeSu)
 21342 | Lair:3   | Killed Ixtylaz's ghost
 21452 | Lair:3   | Reached skill level 5 in Armour
 22617 | Lair:4   | Reached skill level 10 in Invocations
 23226 | Lair:5   | Found a staircase to the Slime Pits.
 23227 | Lair:5   | Found a viscous altar of Jiyva.
 23246 | Lair:5   | Noticed a five-headed hydra
 23259 | Lair:5   | Killed a five-headed hydra
 23568 | Lair:5   | Reached skill level 5 in Dodging
 24097 | Lair:5   | Noticed a seven-headed hydra
 24108 | Lair:5   | Killed a seven-headed hydra
 24726 | Lair:5   | Reached skill level 5 in Evocations
 24927 | Lair:6   | Entered Level 6 of the Lair of Beasts
 25279 | Lair:5   | Gained mutation: You regenerate magic rapidly. [demonic
                  | ancestry]
 25279 | Lair:5   | Reached XP level 13. HP: 55/101 MP: 20/20
 27555 | Lair:6   | Got a slimy bone ring
 27670 | Lair:6   | Reached ****** piety under Uskayaw
 27672 | Lair:6   | Identified the ring "Riaduh" {Fire rN+} (You found it on
                  | level 6 of the Lair of Beasts)
 28248 | Lair:6   | Paralysed by a hornet for 1 turns
 28262 | Lair:6   | Paralysed by a hornet for 2 turns
 28280 | Lair:6   | HP: 5/101 [poisoned by a hornet]
 28285 | Lair:6   | HP: 4/101 [poisoned by a hornet]
 28292 | Lair:6   | HP: 2/101 [poisoned by a hornet]
 28299 | Lair:6   | HP: 2/101 [poisoned by a hornet]
 28307 | Lair:6   | HP: 2/101 [poisoned by a hornet]
 28685 | Lair:6   | Found a runed translucent door.
 30025 | D:11     | Found an ornate altar of the Wu Jian Council.
 30702 | D:12     | Reached skill level 1 in Throwing
 31590 | D:13     | Gained mutation: You are immune to clouds of flame.
                  | [demonic ancestry]
 31590 | D:13     | Reached XP level 14. HP: 106/109 MP: 21/21
 32162 | D:13     | Reached skill level 10 in Fighting
 32476 | D:13     | Reached skill level 10 in Shields
 35237 | D:14     | Found a gate to the Vaults.
 35349 | D:15     | Entered Level 15 of the Dungeon
 35697 | D:15     | Found a snail-covered altar of Cheibriados.
 35888 | D:15     | Reached skill level 10 in Stealth
 36135 | D:15     | Reached skill level 11 in Fighting
 36596 | D:15     | Cast into level 3 of the Abyss (a wizard)
 36767 | Abyss:3  | Noticed a tentacled starspawn
 36967 | Abyss:3  | HP: 6/169 [wretched star/orb of energy (24)]
 37030 | Abyss:3  | Noticed an ironheart preserver
 37077 | Abyss:3  | Noticed a bone dragon
 37107 | Abyss:3  | Noticed a starcursed mass
 37113 | D:15     | Escaped the Abyss
 37612 | D:15     | Found a staircase to the Depths.
 37907 | D:15     | Gained mutation: You resist negative energy. (rN+) [demonic
                  | ancestry]
 37907 | D:15     | Reached XP level 15. HP: 107/119 MP: 17/20
 38938 | Orc:1    | Found a roughly hewn altar of Beogh.
 38989 | Orc:1    | Paralysed by an orc sorcerer for 2 turns
 39424 | Orc:2    | Entered Level 2 of the Orcish Mines
 39968 | Orc:2    | Noticed Donald
 40769 | Orc:1    | Killed Donald
 41632 | Orc:2    | Found Gipo Ima's Armour Emporium.
 41632 | Orc:2    | Found Defoog's Gadget Emporium.
 41633 | Orc:2    | Found Jistupp's Assorted Antiques.
 41636 | Orc:2    | Found Vupter's Distillery.
 41722 | Orc:2    | Bought the +2 pair of boots of Prudence {Str+4 Slay+2} for
                  | 574 gold pieces
 41746 | Orc:2    | Bought a scroll of teleportation for 78 gold pieces
 41746 | Orc:2    | Bought a glowing rapier for 182 gold pieces
 41783 | Orc:2    | Bought a scroll labeled FIODE YMNIE for 26 gold pieces
 41784 | Orc:2    | Bought a potion of agility for 64 gold pieces
 41910 | Orc:2    | Found a staircase to the Elven Halls.
 41993 | Orc:2    | Bought a coral ring for 130 gold pieces
 42140 | Swamp:1  | Entered Level 1 of the Swamp
 42535 | Swamp:1  | Reached skill level 12 in Fighting
 42718 | Swamp:1  | Noticed Frances
 43053 | Swamp:1  | Killed Frances
 44759 | Swamp:2  | Got an ichor-stained chain mail
 44776 | Swamp:2  | Identified the +6 chain mail of Birdsong {rPois Str-3
                  | Int+5} (You found it on level 2 of the Swamp)
 45514 | Swamp:3  | Noticed Bai Suzhen
 45565 | Swamp:3  | Noticed a thorn hunter
 45598 | Swamp:3  | Killed from afar by a thorn hunter

Levels and vault maps discovered:
D:1:      dpeg_arrival_fog, layout_basic
D:2:      layout_basic
D:3:      cheibrodos_old_hovel, layout_loops_corners, tgw_trog
D:4:      layout_gridville, uniq_crazy_yiuf_cottage, uniq_ijyb, uniq_menkaure
D:5:      layout_loops_corners, minmay_temple_entry_trees, first_ration
D:6:      layout_gridville, lightli_ossuary_entry_decrepit_ruins
D:7:      layout_basic, grunt_livestock, uniq_harold
D:8:      cheibrodos_two_vegetables, layout_loops_cross, lemuel_crystal_altar,
          basic_altar, david_defended_altar_orc
D:9:      layout_roguey, minmay_orc_entry_temple_small
D:10:     layout_layer_cave, minmay_lair_entry_lava
D:11:     layout_irregular_city, basic_altar, uniq_grum
D:12:     layout_loops_ring, minmay_hedge_maze, kennysheep_generic_room_16
D:13:     layout_basic
D:14:     layout_basic, hangedman_vaults_entry_quadrant_bands
D:15:     grunt_enter_depths_magical_seal, layout_cave_pools, basic_altar,
          minivault_23
Temple:   nicolae_temple_the_god_donut
Lair:1:   layout_layer_cave, disabler_island
Lair:2:   layout_misc_corridors, minmay_swamp_entry_wisps,
          minmay_snake_entry_guardpost_small
Lair:3:   layout_misc_corridors, ebering_ghost_rock_garden, grunt_megastairs_1,
          serial_bayou_shore_a
Lair:4:   layout_misc_corridors, serial_bayou_shore_b
Lair:5:   layout_gridlike, slime_altar_1
Lair:6:   wormcave, layout_gridlike, portal_ice_cave_entry_pillars_2,
          guppyfry_lair_drakes
Swamp:1:  layout_falls_marsh, evilmike_swamp_ruin_house_1, uniq_frances
Swamp:2:  layout_basic_swamp, nicolae_swamp_treefoil
Swamp:3:  layout_basic_swamp, hangedman_swamp_blocks, uniq_bai_suzhen
Orc:1:    layout_caves, bh_open_orc_temple
Orc:2:    st_orc_mages, layout_caves, uniq_donald

Skill      XL: |  1  2  3  4  5  6  7  8  9 10 11 12 13 14 15 |
---------------+----------------------------------------------+-----
Short Blades   | 2 3 4 5 7 8 9 10 11 | 11.5
Fighting       | 4 5 6 7 8 9 11 12 | 12.0
Stealth        | 1 2 4 5 6 8 10 11 | 11.0
Shields        | 3 4 5 6 7 8 9 11 | 11.9
Dodging        | 1 3 5 7 |  7.9
Invocations    | 1 4 6 7 9 10 11 | 11.8
Armour         | 3 4 6 7 8 |  8.3
Evocations     | 2 5 7 8 |  8.0
Throwing       | 1 |  1.1

Action                   |  1- 3 |  4- 6 |  7- 9 | 10-12 | 13-15 || total
-------------------------+-------+-------+-------+-------+-------++-------
Melee: Rapier            |   144 |   265 |   595 |  2027 |  3505 ||  6536
 Fire: Hunting sling     |       |    31 |       |       |       ||    31
Throw: Dart              |       |       |       |    69 |   115 ||   184
       Boomerang         |       |       |       |    10 |       ||    10
       Stone             |       |       |       |     1 |     7 ||     8
 Abil: Evoke Berserk Rag |       |       |       |     2 |    33 ||    35
Evoke: Wand              |       |     4 |       |       |    19 ||    23
       Lightning rod     |       |       |       |       |    12 ||    12
  Use: Scroll            |     1 |     3 |     4 |     4 |    16 ||    28
       Potion            |       |       |     1 |     9 |     4 ||    14
 Stab: Paralysed         |       |       |    18 |    40 |   101 ||   159
       Sleeping          |       |       |     1 |     7 |    32 ||    40
       Distracted        |       |       |       |     2 |     4 ||     6
       Confused          |       |       |       |       |     1 ||     1
  Eat: Chunk             |     1 |    10 |     8 |    43 |    66 ||   128
       Ration            |       |       |     2 |     5 |    10 ||    17
Armor: Scale mail        |    42 |    64 |   181 |   545 |   157 ||   989
       Acid dragon scale |       |       |       |       |   354 ||   354
       Chain mail        |       |       |       |       |    35 ||    35
Dodge: Dodged            |    69 |    90 |   197 |   706 |  1352 ||  2414
Block: Shield            |    87 |    94 |   262 |   985 |  1563 ||  2991
       Reflection        |       |       |       |       |     9 ||     9
